[ AOE2 MATCH · #506091221 ]
UnrankedBurgundians vs Muisca
Rival team · WIN
[ REPLAY ANALYSIS · EXTRACTED FROM THE RECORDED GAME ]
Feudal
9:06
Castle
22:05
Imperial
—
| APM avg | 90.5 |
| APM peak | 145 |
| eAPM avg | 24.4 |
| Villagers / military | 89 / 36 |
Focus
⚔️ 39.0% · 🌾 61.0%
Skirmisher ×15 · Flemish Militia ×14 · Knight ×4 · Monk ×3
Feudal
9:51
Castle
23:49
Imperial
—
| APM avg | 57.3 |
| APM peak | 79 |
| eAPM avg | 22.8 |
| Villagers / military | 59 / 15 |
Focus
⚔️ 35.6% · 🌾 64.4%
Unknown (2550) ×33 · Archer ×7 · Unknown (2586) ×6 · Skirmisher ×4 · Monk ×2 · Mangonel ×1
Match map
Initial resources + every placement click. Lines = walls · curves = elevation contours. ◆ gold · ⬟ stone · ● berries · ✦ relic · ◌ wall gap
Your base· Open — 6t gap
Madeen's base· Open — 9t gap
Smoothed initial terrain · ◌ = detected wall gap · hover for details
Inputs per minute
— Black Lotus - - Madeen
Build order — Black Lotus
First 150 of 213 actions detected
| 0:00 | Queue | Villager (Male) |
| 0:00 | Queue | Villager (Male) |
| 0:00 | Queue | Villager (Male) |
| 0:01 | Queue | Villager (Male) |
| 0:01 | Queue | Villager (Male) |
| 0:02 | Build | House |
| 0:03 | Build | House |
| 1:26 | Queue | Villager (Male) |
| 1:27 | Queue | Villager (Male) |
| 1:49 | Queue | Villager (Male) |
| 1:52 | Build | Lumber Camp |
| 2:09 | Queue | Villager (Male) |
| 2:09 | Queue | Villager (Male) |
| 2:41 | Queue | Villager (Male) |
| 2:41 | Queue | Villager (Male) |
| 3:19 | Queue | Villager (Male) |
| 3:32 | Build | House |
| 3:33 | Build | House |
| 3:43 | Queue | Villager (Male) |
| 4:26 | Queue | Villager (Male) |
| 4:44 | Queue | Villager (Male) |
| 4:44 | Queue | Villager (Male) |
| 4:45 | Queue | Villager (Male) |
| 4:45 | Queue | Villager (Male) |
| 5:04 | Queue | Villager (Male) |
| 5:20 | Build | Mill |
| 6:04 | Research | Loom |
| 6:55 | Research | Feudal Age |
| 7:19 | Build | Barracks |
| 7:58 | Research | Double-Bit Axe |
| 7:58 | Research | Double-Bit Axe |
| 8:27 | Queue | Villager (Male) |
| 8:28 | Build | Palisade Wall |
| 8:29 | Queue | Villager (Male) |
| 8:30 | Build | Palisade Wall |
| 8:31 | Build | Palisade Wall |
| 8:32 | Build | Palisade Wall |
| 8:35 | Build | Palisade Wall |
| 8:35 | Build | Palisade Wall |
| 8:36 | Build | Palisade Wall |
| 8:47 | Queue | Villager (Male) |
| 9:04 | Build | Palisade Wall |
| 9:06 | Age | Feudal Age |
| 9:07 | Queue | Villager (Male) |
| 9:14 | Queue | Villager (Male) |
| 9:18 | Build | Archery Range |
| 9:21 | Queue | Flemish Militia |
| 9:21 | Queue | Flemish Militia |
| 9:34 | Research | Horse Collar |
| 9:36 | Build | Palisade Wall |
| 9:37 | Build | Palisade Wall |
| 9:41 | Queue | Villager (Male) |
| 9:43 | Build | Farm |
| 9:55 | Queue | Villager (Male) |
| 9:56 | Queue | Skirmisher |
| 10:04 | Build | House |
| 10:32 | Queue | Villager (Male) |
| 10:33 | Queue | Skirmisher |
| 10:38 | Build | Farm |
| 10:45 | Queue | Skirmisher |
| 11:05 | Queue | Villager (Male) |
| 11:14 | Queue | Villager (Male) |
| 11:22 | Queue | Villager (Male) |
| 11:25 | Build | House |
| 11:36 | Queue | Villager (Male) |
| 11:36 | Queue | Villager (Male) |
| 11:40 | Build | House |
| 11:41 | Build | Palisade Wall |
| 12:01 | Queue | Villager (Male) |
| 12:03 | Build | Farm |
| 12:04 | Queue | Villager (Male) |
| 12:05 | Build | Farm |
| 12:35 | Queue | Villager (Male) |
| 12:39 | Build | House |
| 12:53 | Queue | Skirmisher |
| 13:16 | Queue | Skirmisher |
| 13:16 | Queue | Villager (Male) |
| 13:20 | Build | Mining Camp |
| 13:46 | Queue | Skirmisher |
| 13:48 | Build | Farm |
| 13:49 | Queue | Villager (Male) |
| 13:50 | Build | Farm |
| 14:05 | Queue | Skirmisher |
| 14:13 | Build | House |
| 14:15 | Queue | Villager (Male) |
| 14:21 | Queue | Villager (Male) |
| 14:24 | Build | Blacksmith |
| 14:27 | Queue | Skirmisher |
| 14:29 | Build | House |
| 14:36 | Queue | Flemish Militia |
| 14:39 | Queue | Villager (Male) |
| 14:43 | Build | Farm |
| 14:44 | Build | Farm |
| 14:49 | Build | House |
| 14:51 | Build | Palisade Wall |
| 14:52 | Build | Palisade Wall |
| 14:53 | Build | Palisade Wall |
| 14:54 | Build | Palisade Wall |
| 14:58 | Queue | Flemish Militia |
| 15:01 | Queue | Villager (Male) |
| 15:20 | Queue | Skirmisher |
| 15:21 | Build | House |
| 15:49 | Queue | Flemish Militia |
| 16:00 | Queue | Villager (Male) |
| 16:17 | Queue | Skirmisher |
| 16:31 | Queue | Flemish Militia |
| 16:42 | Queue | Skirmisher |
| 16:49 | Queue | Villager (Male) |
| 17:01 | Queue | Villager (Male) |
| 17:03 | Queue | Villager (Male) |
| 17:05 | Build | Market |
| 17:09 | Queue | Flemish Militia |
| 17:10 | Queue | Skirmisher |
| 17:11 | Queue | Villager (Male) |
| 17:13 | Research | Fletching |
| 17:14 | Queue | Villager (Male) |
| 17:18 | Build | House |
| 17:18 | Build | Palisade Wall |
| 17:28 | Queue | Flemish Militia |
| 17:30 | Queue | Villager (Male) |
| 17:32 | Queue | Villager (Male) |
| 17:35 | Build | Farm |
| 18:01 | Build | Farm |
| 18:11 | Queue | Villager (Male) |
| 18:13 | Queue | Villager (Male) |
| 18:18 | Queue | Skirmisher |
| 18:21 | Queue | Villager (Male) |
| 18:24 | Build | House |
| 18:56 | Build | Palisade Wall |
| 18:57 | Build | Palisade Wall |
| 19:25 | Research | Castle Age |
| 19:33 | Build | House |
| 19:33 | Queue | Villager (Male) |
| 19:34 | Build | House |
| 19:35 | Build | House |
| 19:51 | Queue | Skirmisher |
| 19:55 | Queue | Flemish Militia |
| 20:11 | Queue | Flemish Militia |
| 20:14 | Build | Farm |
| 20:14 | Build | Farm |
| 20:15 | Build | Farm |
| 20:15 | Build | Farm |
| 20:16 | Queue | Villager (Male) |
| 20:28 | Queue | Flemish Militia |
| 20:34 | Build | Farm |
| 20:34 | Queue | Villager (Male) |
| 20:55 | Build | House |
| 20:58 | Queue | Flemish Militia |
| 21:05 | Build | Palisade Wall |
| 21:14 | Build | Lumber Camp |
Build order — Madeen
First 150 of 186 actions detected
| 0:00 | Queue | Villager (Male) |
| 0:01 | Queue | Villager (Male) |
| 0:02 | Build | House |
| 0:03 | Build | House |
| 0:16 | Queue | Villager (Male) |
| 0:17 | Queue | Villager (Male) |
| 1:29 | Queue | Villager (Male) |
| 1:44 | Build | Settlement |
| 1:51 | Queue | Villager (Male) |
| 2:19 | Queue | Villager (Male) |
| 2:40 | Queue | Villager (Male) |
| 3:15 | Queue | Villager (Male) |
| 3:15 | Queue | Villager (Male) |
| 3:56 | Queue | Villager (Male) |
| 4:32 | Queue | Villager (Male) |
| 4:38 | Build | Barracks |
| 4:50 | Queue | Villager (Male) |
| 4:51 | Queue | Villager (Male) |
| 4:59 | Build | Palisade Wall |
| 5:19 | Queue | Villager (Male) |
| 5:40 | Queue | Unit 2550 |
| 5:53 | Queue | Unit 2550 |
| 6:21 | Build | House |
| 6:26 | Research | Loom |
| 6:27 | Queue | Villager (Male) |
| 6:31 | Queue | Unit 2550 |
| 6:50 | Build | House |
| 7:04 | Queue | Villager (Male) |
| 7:27 | Research | Feudal Age |
| 7:27 | Research | Feudal Age |
| 8:04 | Build | Settlement |
| 9:24 | Queue | Villager (Male) |
| 9:39 | Queue | Villager (Male) |
| 9:51 | Age | Feudal Age |
| 9:53 | Research | Tech 1402 |
| 9:57 | Build | Archery Range |
| 10:00 | Research | Double-Bit Axe |
| 10:05 | Queue | Villager (Male) |
| 10:37 | Queue | Villager (Male) |
| 10:50 | Queue | Villager (Male) |
| 10:55 | Queue | Archer |
| 10:58 | Queue | Unit 2550 |
| 11:18 | Build | Farm |
| 11:18 | Build | Farm |
| 11:20 | Build | Farm |
| 11:23 | Build | Farm |
| 11:35 | Queue | Unit 2550 |
| 11:37 | Queue | Skirmisher |
| 11:42 | Build | Farm |
| 11:49 | Queue | Villager (Male) |
| 12:10 | Queue | Villager (Male) |
| 12:11 | Queue | Villager (Male) |
| 12:20 | Build | House |
| 12:44 | Queue | Archer |
| 12:56 | Queue | Villager (Male) |
| 12:58 | Build | Blacksmith |
| 12:59 | Queue | Villager (Male) |
| 13:05 | Queue | Unit 2550 |
| 13:19 | Queue | Villager (Male) |
| 13:21 | Queue | Unit 2550 |
| 13:27 | Build | Farm |
| 13:27 | Build | Farm |
| 13:28 | Build | Farm |
| 13:46 | Queue | Villager (Male) |
| 13:46 | Queue | Unit 2550 |
| 13:52 | Build | House |
| 14:00 | Queue | Unit 2550 |
| 14:15 | Queue | Villager (Male) |
| 14:17 | Queue | Unit 2550 |
| 14:20 | Build | Farm |
| 14:22 | Build | Farm |
| 14:38 | Build | Farm |
| 14:40 | Build | Farm |
| 14:49 | Queue | Skirmisher |
| 14:49 | Queue | Skirmisher |
| 14:53 | Queue | Unit 2550 |
| 15:15 | Queue | Villager (Male) |
| 15:16 | Build | Farm |
| 15:20 | Queue | Villager (Male) |
| 15:25 | Queue | Skirmisher |
| 15:41 | Research | Fletching |
| 16:03 | Queue | Unit 2550 |
| 16:28 | Research | Scale Mail Armor |
| 16:32 | Build | House |
| 16:42 | Queue | Villager (Male) |
| 17:03 | Queue | Unit 2550 |
| 17:07 | Build | Farm |
| 17:08 | Build | Farm |
| 17:09 | Build | Farm |
| 17:11 | Queue | Villager (Male) |
| 17:14 | Build | Farm |
| 17:14 | Build | Farm |
| 17:14 | Build | Farm |
| 17:15 | Build | Farm |
| 17:15 | Build | Farm |
| 17:27 | Queue | Unit 2550 |
| 17:29 | Queue | Archer |
| 17:29 | Queue | Archer |
| 17:34 | Build | Palisade Gate |
| 17:39 | Queue | Villager (Male) |
| 17:42 | Build | Farm |
| 17:57 | Build | Settlement |
| 18:01 | Queue | Unit 2550 |
| 18:29 | Queue | Villager (Male) |
| 18:31 | Build | Barracks |
| 18:48 | Queue | Villager (Male) |
| 18:53 | Build | House |
| 18:54 | Build | Palisade Wall |
| 19:45 | Queue | Unit 2550 |
| 19:48 | Queue | Villager (Male) |
| 19:48 | Queue | Villager (Male) |
| 19:56 | Build | Market |
| 20:00 | Queue | Villager (Male) |
| 20:36 | Queue | Unit 2550 |
| 20:40 | Build | Farm |
| 21:09 | Research | Castle Age |
| 21:15 | Build | House |
| 21:23 | Queue | Archer |
| 21:24 | Queue | Archer |
| 21:25 | Queue | Unit 2550 |
| 21:27 | Queue | Unit 2550 |
| 21:49 | Queue | Unit 2550 |
| 21:50 | Queue | Unit 2550 |
| 22:26 | Queue | Villager (Male) |
| 22:28 | Queue | Unit 2550 |
| 22:29 | Queue | Unit 2550 |
| 22:31 | Queue | Archer |
| 23:11 | Build | Palisade Wall |
| 23:15 | Queue | Villager (Male) |
| 23:15 | Queue | Villager (Male) |
| 23:46 | Queue | Villager (Male) |
| 23:48 | Research | Forging |
| 23:49 | Age | Castle Age |
| 23:49 | Queue | Villager (Male) |
| 23:52 | Research | Tech 1351 |
| 23:58 | Build | Monastery |
| 24:01 | Build | Siege Workshop |
| 24:05 | Build | House |
| 24:15 | Queue | Villager (Male) |
| 24:21 | Queue | Unit 2550 |
| 24:21 | Queue | Unit 2550 |
| 24:22 | Queue | Unit 2550 |
| 24:22 | Queue | Unit 2550 |
| 24:24 | Build | Farm |
| 24:28 | Research | Wheelbarrow |
| 24:30 | Queue | Villager (Male) |
| 24:45 | Queue | Unit 2586 |
| 24:48 | Queue | Monk |
| 24:54 | Queue | Mangonel |
| 24:57 | Queue | Battering Ram |
Match timeline
| 4:38 | Madeen · first_building Barracks |
| 4:59 | Madeen · wall_segment Palisade Wall x1 |
| 7:19 | Black Lotus · first_building Barracks |
| 8:28 | Black Lotus · wall_segment Palisade Wall x1 |
| 8:30 | Black Lotus · wall_segment Palisade Wall x1 |
| 8:31 | Black Lotus · wall_segment Palisade Wall x2 |
| 8:32 | Black Lotus · wall_segment Palisade Wall x1 |
| 8:35 | Black Lotus · wall_segment Palisade Wall x1 |
| 8:35 | Black Lotus · wall_segment Palisade Wall x1 |
| 8:36 | Black Lotus · wall_segment Palisade Wall x1 |
| 9:04 | Black Lotus · wall_segment Palisade Wall x1 |
| 9:06 | Black Lotus · age_up feudal |
| 9:18 | Black Lotus · first_building Archery Range |
| 9:36 | Black Lotus · wall_segment Palisade Wall x1 |
| 9:37 | Black Lotus · wall_segment Palisade Wall x1 |
| 9:51 | Madeen · age_up feudal |
| 9:57 | Madeen · first_building Archery Range |
| 11:41 | Black Lotus · wall_segment Palisade Wall x6 |
| 14:51 | Black Lotus · wall_segment Palisade Wall x6 |
| 14:52 | Black Lotus · wall_segment Palisade Wall x1 |
| 14:53 | Black Lotus · wall_segment Palisade Wall x1 |
| 14:54 | Black Lotus · wall_segment Palisade Wall x4 |
| 17:18 | Black Lotus · wall_segment Palisade Wall x7 |
| 18:28 | Black Lotus · first_market_buy 100 food |
| 18:48 | Black Lotus · first_market_sell 100 stone |
| 18:54 | Madeen · wall_segment Palisade Wall x7 |
| 18:56 | Black Lotus · wall_segment Palisade Wall x7 |
| 18:57 | Black Lotus · wall_segment Palisade Wall x3 |
| 21:05 | Black Lotus · wall_segment Palisade Wall x1 |
| 22:05 | Black Lotus · age_up castle |
| 23:11 | Madeen · wall_segment Palisade Wall x17 |
| 23:49 | Madeen · age_up castle |
| 23:58 | Madeen · first_building Monastery |
| 24:01 | Madeen · first_building Siege Workshop |
| 24:03 | Black Lotus · first_building Stable |
| 24:11 | Black Lotus · first_building Monastery |
| 25:32 | Madeen · first_market_buy 100 food |
| 25:50 | Madeen · first_market_sell 100 food |
| 28:39 | Black Lotus · resign |
[ AI ANALYSIS · 1 CREDIT ]
What really happened in this match?
Wolo.gg analyzes every decision: build order, eco, micro, common mistakes by bracket. Personalized analysis on WhatsApp or Discord in 30 seconds.
Civ guide
Burgundians
Perfil
Jugador #941790